 Dungeon Crawl Stone Soup version 0.25.1-2-g60ff931df9 (webtiles) character file.

Game seed: 16800178297569219640

47 Delamore the Shield-Bearer (level 3, -1/24 HPs)
             Began as a Gargoyle Fighter on Oct 30, 2020.
             Killed by nerve-wracking pain
             ... invoked by a shadow imp
             ... summoned by Natasha
              (4 damage)
             ... on level 2 of the Dungeon.
             The game lasted 00:00:47 (1189 turns).

Delamore the Shield-Bearer (Gargoyle Fighter)       Turns: 1189, Time: 00:00:48

Health: -1/24      AC: 10    Str: 20    XL:     3   Next: 70%
Magic:  3/3        EV:  7    Int:  8    God:
Gold:   119        SH:  9    Dex:  9    Spells: 2/2 levels left

rFire    . . .     SeeInvis .   a - +0 flail
rCold    . . .     Gourm    .   c - +0 kite shield
rNeg     + . .     Faith    .   b - +0 scale mail
rPois    ∞         Spirit   .   (no helmet)
rElec    +         Reflect  .   (no cloak)
rCorr    .         Harm     .   (no gloves)
MR       .....                  (no boots)
Stlth    ..........             (no amulet)
HPRegen  0.08/turn              p - ring of attention (curse)
MPRegen  0.08/turn              (no ring)

@: slowed, very slow
A: negative energy resistance 1, electricity resistance, unbreathing,
petrification resistance, rot immunity, AC +3
a: no special abilities


You were on level 2 of the Dungeon.
You were hungry.

You visited 1 branch of the dungeon, and saw 2 of its levels.

You collected 119 gold pieces.

Inventory:

Hand Weapons
 a - a +0 flail (weapon)
Armour
 b - a +0 scale mail (worn)
 c - a +0 kite shield (worn)
Jewellery
 p - a cursed ring of attention (left hand)
Scrolls
 j - 2 scrolls of identify {unknown}
 k - 2 scrolls of remove curse {unknown}
 l - a scroll of teleportation {unknown}
 m - a scroll of blinking {unknown}
 o - a scroll of fog {unknown}
 q - 2 scrolls of magic mapping {unknown}
 r - a scroll of amnesia {unknown}
Potions
 d - 2 potions of might
 e - 2 potions of heal wounds {unknown}
 g - 2 potions of lignification {unknown}
 h - a potion of brilliance {unknown}
 i - a potion of haste {unknown}
 n - 2 potions of curing {unknown}
Comestibles
 f - a ration


   Skills:
 + Level 3.9 Fighting
 + Level 2.7 Maces & Flails
 - Level 3.2 Armour
 + Level 4.0 Shields


You had 2 spell levels left.
You didn't know any spells.
Your spell library was empty.

Dungeon Overview and Level Annotations

Branches:
Dungeon (2/15)

Altars:

Annotations:
D:2 Natasha


Innate Abilities, Weirdness & Mutations

You are resistant to torment.
Your stone body is resilient. (AC +3)
You are immune to poison.
You resist negative energy. (rN+)
You are resistant to electric shocks. (rElec)
You can survive without breathing.
You are immune to petrification.
You are immune to rotting.


Message History

You block Natasha's attack. You block the shadow imp's attack.
Natasha casts a spell at you. The magic dart hits you!
You are too injured to fight recklessly!
You are too injured to fight recklessly!
You are too injured to fight recklessly!
You are too injured to fight recklessly!
You are too injured to fight recklessly!
There are monsters nearby!
There are monsters nearby!
You are too injured to fight recklessly!
You thump Natasha!
Natasha is heavily wounded.
You block the shadow imp's attack.
Natasha stares at you and mumbles some strange words.
The magic dart hits you.
* * * LOW HITPOINT WARNING * * *
The shadow imp gestures at you. Pain shoots through your body!
You die...

#.###.###.#.#.###
#.# #.# #.#.#.#
##.###.###.....#
#..............#
#...#######...##
#..$# ##......
##..######
#.#####
##5.......# #.#
#..@..###.# #.#
#.....h......# .#
....#.$...###.#
...<##...## ...
...## .. ##...
##.# ..#


You could see Natasha and a shadow imp (summoned).

Vanquished Creatures
  3 adders (D:2)
  A dart slug (D:1)
  A bat (D:1)
  A giant cockroach (D:1)
  3 goblins (D:1)
  2 hobgoblins
  4 kobolds
  A frilled lizard (D:1)
  5 rats (D:1)
21 creatures vanquished.

Notes
Turn   | Place    | Note
-------+----------+-------------------------------------------
     0 | D:1      | Delamore the Gargoyle Fighter began the quest for the Orb.
     0 | D:1      | Reached XP level 1. HP: 14/14 MP: 1/1
   225 | D:1      | Reached XP level 2. HP: 19/19 MP: 2/2
  1024 | D:2      | Reached XP level 3. HP: 23/24 MP: 3/3
  1153 | D:2      | Reached skill level 4 in Shields
  1182 | D:2      | Noticed Natasha
  1189 | D:2      | Killed from afar by a shadow imp

Illustrated notes

Levels and vault maps discovered:
D:1:      heliophobic_arrival_glass_houses, layout_basic, minivault_5
D:2:      layout_loops_ring, riverfiend_overflow_shadow_ancestor,
          lemuel_doored_altar, overflow_temple_1_default, minmay_octomino_j4,
          uniq_natasha, uniq_jessica

Skill      XL: |  1  2  3 |
---------------+----------+-----
Shields        | 4 |  4.0
Fighting       | |  3.9
Maces & Flails | |  2.7
Armour         | |  3.2

Action                   || total
-------------------------++-------
Melee: Flail             ||    78
Armor: Scale mail        ||    39
Dodge: Dodged            ||    25
Block: Kite shield       ||    42
